 Dungeon Crawl Stone Soup version 0.31-a0-845-g9abc20d24f (webtiles) character file.

Game seed: 17535842097576793549

728 Kurtz the Chopper (level 7, -7/45 (46) HPs)
             Began as an Octopode Fighter on Oct 1, 2023.
             Was a Follower of Okawaru.
             Mangled by Jeremiah
             ... wielding a +3 trident of draining
              (12 damage)
             ... on level 6 of the Dungeon.
             The game lasted 00:04:08 (4545 turns).

Kurtz the Chopper (Octopode Fighter)                Turns: 4545, Time: 00:04:09

HP:   -7/45 (46)    AC:  1    Str: 27    XL:     7   Next: 72%
MP:   8/8           EV: 13    Int: 11    God:    Okawaru [*.....]
Gold: 282           SH:  4    Dex: 13    Spells: 6/6 levels left

rFire   . . .        a - +0 war axe
rCold   . . .        b - +0 buckler
rNeg    . . .        (helmet restricted)
rPois   .            n - amulet of regeneration
rElec   .            h - +6 ring of strength
rCorr   .            u - +6 ring of strength
SInv    .            (no ring)
Will    .....        (no ring)
Stlth   ++           (no ring)
HPRegen 1.07/turn    (no ring)
MPRegen 0.11/turn    (no ring)
                     (no ring)

%: no passive effects
@: mighty, lightly drained
A: almost no armour, amphibious, 8 rings, camouflage 1, gelatinous body 1,
(nimble swimmer 1), tentacles
a: Renounce Religion, Heroism


You were on level 6 of the Dungeon.
You worshipped Okawaru.
Okawaru was aware of your devotion.
You visited 1 branch of the dungeon, and saw 6 of its levels.

You collected 282 gold pieces.

Inventory:

Hand Weapons
 a - a +0 war axe (weapon)
Missiles
 p - 10 poisoned darts
 v - a throwing net
 y - 3 javelins (quivered)
Armour
 b - a +0 buckler (worn)
Jewellery
 h - a +6 ring of strength (left tentacle)
 i - a ring of ice
 n - an amulet of regeneration (around mantle)
 u - a +6 ring of strength (right tentacle)
Scrolls
 f - 2 scrolls of vulnerability {unknown}
 g - 4 scrolls of teleportation {unknown}
 j - 6 scrolls of identify {unknown}
 m - a scroll of enchant weapon {unknown}
 s - a scroll of poison {unknown}
 t - a scroll of blinking {unknown}
 x - 2 scrolls of fear {unknown}
 z - a scroll of noise {unknown}
Potions
 c - a potion of might
 d - 2 potions of lignification {unknown}
 e - 2 potions of attraction {unknown}
 k - a potion of curing {unknown}
 l - 3 potions of degeneration {unknown}
 o - a potion of invisibility {unknown}
 q - a potion of enlightenment {unknown}
 r - a potion of heal wounds {unknown}
 w - a potion of haste {unknown}
 A - a potion of berserk rage {unknown}


   Skills:
 + Level 3.3 Fighting
 * Level 7.9 Axes
 + Level 3.4 Dodging
 - Level 3.0 Shields
 * Level 1.6 Invocations


You had 6 spell levels left.
You didn't know any spells.
Your spell library contained the following spells:

 Spells                   Type           Power      Damage    Failure   Level
 Sting                    Tmut/Pois      0%         1d3       38%         1
 Cigotuvi's Dreadful Rot  Necr/Pois/Air  0%         N/A       54%         2
 Poisonous Vapours        Pois/Air       0%         N/A       54%         2
 Ignite Poison            Fire/Tmut/Pois 0%         N/A       77%         3
 Olgreb's Toxic Radiance  Pois           0%         N/A       99%         4
 Freezing Cloud           Conj/Ice/Air   0%         6-21      100%        5


Dungeon Overview and Level Annotations

Branches:
Dungeon (6/15)
 Temple: D:4-7

Altars:
Elyvilon
Okawaru
Qazlal
Uskayaw
Wu Jian
The Shining One

Shops:
D:3 =

Annotations:
D:5 exclusion: 2 killer bees, Pikel
D:6 Jeremiah


Innate Abilities, Weirdness & Mutations

You cannot wear most types of armour.
You are amphibious.
You can wear up to eight rings at the same time.
Your skin changes colour to match your surroundings (Stealth+).
Your rubbery body absorbs attacks. (AC +1, EV +1)
((You are camouflaged when in or above water. (Stealth+)))
You have tentacles for arms and can constrict up to eight enemies at once.


Message History

You start resting.
A kobold is nearby!
You closely miss the kobold. You grab the kobold. You squeeze the kobold.
You kill the kobold!
Okawaru accepts your kill.
You start resting.
Jeremiah is nearby!
Jeremiah barely misses you.
You slash Jeremiah! Your grab misses Jeremiah.
Jeremiah is moderately wounded.
You barely miss the butterfly.
Jeremiah mumbles a slurred invocation.
Something smites you!
You barely miss Jeremiah. Your grab misses Jeremiah.
Your squeeze misses Jeremiah.
Jeremiah is moderately wounded.
You barely miss the butterfly. Jeremiah misses you.
Unknown command.
You barely miss Jeremiah. You grab Jeremiah.
Jeremiah is moderately wounded.
You barely miss the butterfly. You constrict Jeremiah.
Jeremiah cries, "Fearful master, protect me!"
Something smites you!
You slash Jeremiah!
Jeremiah is severely wounded.
You completely miss the butterfly. You constrict Jeremiah.
Jeremiah hits you with a +3 trident of draining!
You feel drained.
Jeremiah mumbles a slurred invocation.
Something smites you!
* * * LOW HITPOINT WARNING * * *
You hit Jeremiah.
Jeremiah is severely wounded.
You barely miss the butterfly. You slash the butterfly!
You kill the butterfly!
The butterfly disappears in a burst of colours!
You constrict Jeremiah.
Jeremiah hits you with a +3 trident of draining!
You die...
Jeremiah asks, "Is it over?
Can I wake up now?"

#.#†#.†........#
#.#F#######..###
#.#.# ..# #.#.#
.!# #.#b# ..#
#.#F# 8.. #.#b#
#..# #b#.#
#@#.##


#bFbb# #b#b### #.bbb8# ###.### #.# #.# #.. ### You could see Jeremiah.

Vanquished Creatures
  A centaur (D:5)
  A lemure (D:4)
  2 phantoms (D:5)
  2 scorpions
  A howler monkey (D:6)
  A hound (D:4)
  A sleepcap (D:5)
  Terence (D:3)
  8 adders
  6 gnolls (D:4)
  A river rat (D:6)
  A shadow imp (D:5)
  3 ufetubi (D:5)
  A dart slug (D:2)
  11 orcs
  6 endoplasms
  4 giant cockroaches
  A goblin (D:4)
  5 hobgoblins
  11 jackals
  13 kobolds
  4 quokkas
  10 ball pythons
  2 bats (D:1)
  A frilled lizard (D:1)
  5 rats
103 creatures vanquished.

Notes
Turn   | Place    | Note
-------+----------+-------------------------------------------
     0 | D:1      | Kurtz the Octopode Fighter began the quest for the Orb.
     0 | D:1      | Reached XP level 1. HP: 16/16 MP: 1/1
    45 | D:1      | Found a faded altar of an unknown god.
   109 | D:1      | Reached XP level 2. HP: 12/21 MP: 2/2
   173 | D:1      | Reached skill level 3 in Axes
   423 | D:1      | Reached XP level 3. HP: 23/26 MP: 3/3
  1122 | D:2      | Reached skill level 4 in Axes
  1403 | D:2      | Reached XP level 4. HP: 31/31 MP: 4/4
  1818 | D:3      | Noticed Terence
  1823 | D:3      | Killed Terence
  1863 | D:3      | Identified the +1 dagger "Itelyoj" {flame, rC- Dex+5}
  1937 | D:3      | Found Haylet's Jewellery Emporium.
  2119 | D:3      | Reached skill level 5 in Axes
  2120 | D:3      | Reached XP level 5. HP: 36/36 MP: 5/5
  2517 | D:4      | Found a glowing golden altar of the Shining One.
  3108 | D:4      | Found a hide-covered altar of Uskayaw.
  3167 | D:4      | Reached skill level 6 in Axes
  3220 | D:4      | Reached XP level 6. HP: 24/42 MP: 6/6
  3594 | D:4      | Found an iron altar of Okawaru.
  3613 | D:4      | Became a worshipper of Warmaster Okawaru
  3643 | D:5      | Entered Level 5 of the Dungeon
  3730 | D:5      | Found a white marble altar of Elyvilon.
  3804 | D:5      | Reached skill level 7 in Axes
  3804 | D:5      | Reached XP level 7. HP: 31/46 MP: 7/7
  3853 | D:5      | Reached * piety under Okawaru
  3854 | D:5      | Reached skill level 1 in Invocations
  3873 | D:5      | Found a stormy altar of Qazlal.
  3949 | D:5      | Noticed Pikel
  4344 | D:5      | Found an ornate altar of the Wu Jian Council.
  4469 | D:6      | Noticed Jeremiah
  4545 | D:6      | Mangled by Jeremiah

Illustrated notes

Levels and vault maps discovered:
D:1:      lightli_arrival_boilingwater, layout_basic,
          ebering_ecumenical_altar_abandoned
D:2:      layout_basic
D:3:      layout_loops_ring, serial_rivers, chequers_serial_rivers_micro_d,
          chequers_serial_rivers_micro_b, chequers_serial_rivers_large_a,
          chequers_serial_rivers_large_b, serial_shops, shop, uniq_terence
D:4:      layout_basic, tso_metal_star, okawaru_altar_gauntlet_db,
          mainiacjoe_overflow_chevrons
D:5:      layout_basic, nicolae_qazlal_eye_of_the_storm,
          nzn_wu_jian_council_hall, elyvilon_altar_3, uniq_pikel
D:6:      layout_loops_ring, mainiacjoe_overflow_24_doors,
          minmay_temple_entry_statues_fountains, portal_sewer_entry_c,
          lightli_ossuary_entry_decrepit_ruins, uniq_prince_ribbit1,
          uniq_jeremiah

Skill      XL: |  1  2  3  4  5  6  7 |
---------------+----------------------+-----
Axes           | 3 4 5 6 7 |  7.9
Invocations    | 1 |  1.6
Fighting       | |  3.3
Dodging        | |  3.4
Shields        | |  3.0

Action                     |  1- 3 |  4- 6 |  7- 9 || total
---------------------------+-------+-------+-------++-------
  Melee: War axe           |    55 |    98 |    43 ||   196
         Tentacles         |     8 |    10 |    14 ||    32
         Constrict         |    10 |    24 |    13 ||    47
         Punch             |       |     1 |     1 ||     2
  Throw: Javelin           |       |     3 |       ||     3
    Use: Potion            |       |       |     1 ||     1
   Stab: Sleeping          |     7 |     7 |       ||    14
         Distracted        |       |     1 |     1 ||     2
 Armour: Skin              |    29 |    41 |    30 ||   100
  Dodge: Dodged            |    37 |    62 |    40 ||   139
  Block: Buckler           |     7 |    20 |     6 ||    33

Table legend: (Time is in decaauts)
 A = Elapsed time spent in this place.
 B = Non-inter-level travel time spent in this place.
 C = Inter-level travel time spent in this place.
 D = Time resting spent in this place.
 E = Time spent auto-exploring this place.
 F = Levels seen in this place.
 G = Mean time per level.
                   A        B        C        D        E       F      G
               +--------+--------+--------+--------+--------+-----+--------+
         Total |   4595 |   4390 |    205 |    329 |   3416 |   6 |  765.8 |
       Dungeon |   4595 |   4390 |    205 |    329 |   3416 |   6 |  765.8 |
               +--------+--------+--------+--------+--------+-----+--------+

Top non-repeatable levels by time:
     D:4: 1307 daAuts
     D:1: 988 daAuts
     D:2: 807 daAuts
     D:3: 726 daAuts
     D:5: 664 daAuts
     D:6: 101 daAuts
